 Dungeon Crawl Stone Soup version 0.22-a0-392-g5dc3fd9 (webtiles) character file.

472 erloom the Insei (level 7, -5/35 HPs)
             Began as a Vine Stalker Monk on May 1, 2018.
             Was a Believer of Cheibriados.
             Slain by an ogre
             ... wielding a +0 giant club
              (15 damage)
             ... on level 4 of the Dungeon.
             The game lasted 00:06:29 (2412 turns).

erloom the Insei (Vine Stalker Monk)                Turns: 2412, Time: 00:06:30

Health: -5/35      AC: 10    Str: 17    XL:     7   Next: 9%
Magic:  0/8        EV: 11    Int: 20    God:    Cheibriados [**....]
Gold:   222        SH:  0    Dex: 21    Spells: 6/6 levels left

rFire    . . .     SeeInvis +     - Unarmed
rCold    . . .     Gourm    .   (no shield)
rNeg     . . .     Faith    .   c - +0 scale mail
rPois    .         Spirit   +   (no helmet)
rElec    .         Reflect  .   z - +0 cloak
rCorr    .         Harm     .   (no gloves)
MR       .....                  q - +2 pair of boots
Stlth    +.........             (no amulet)
HPRegen  0.51/turn              g - ring of see invisible
MPRegen  0.11/turn              l - +4 ring of intelligence

@: very slow
A: fangs 2, regeneration 1, magic shield, antimagic bite, no potion heal 3, rot
immunity
a: Bend Time, Renounce Religion


You were on level 4 of the Dungeon.
You worshipped Cheibriados.
Cheibriados was pleased with you.
You were not hungry.

You visited 2 branches of the dungeon, and saw 5 of its levels.

You collected 222 gold pieces.

Inventory:

Missiles
 w - 4 tomahawks (quivered)
Armour
 a - a +0 robe
 c - a +0 scale mail (worn)
 q - a +2 pair of boots (worn)
 z - a +0 cloak (worn)
Jewellery
 g - a ring of see invisible (left hand)
 l - a +4 ring of intelligence (right hand)
 u - a +3 ring of intelligence
 y - a cursed -3 ring of intelligence
Scrolls
 d - 3 scrolls of teleportation {unknown}
 f - 3 scrolls of identify {unknown}
 k - a scroll of immolation {unknown}
 r - a scroll of fear {unknown}
 s - 2 scrolls of random uselessness {unknown}
 v - a scroll of remove curse {unknown}
Potions
 e - a potion of flight {unknown}
 h - 2 potions of degeneration {unknown}
 i - a potion of might {unknown}
 j - 2 potions of heal wounds {unknown}
 n - a potion of cancellation {unknown}
 o - a potion of ambrosia {unknown}
 p - a potion of curing {unknown}
 t - a potion of agility {unknown}
 x - 2 potions of haste {unknown}
Comestibles
 b - 8 rations


   Skills:
 - Level 2.6 Fighting
 - Level 2.4 Dodging
 - Level 2.4 Stealth
 + Level 7.8 Unarmed Combat


You had 6 spell levels left.
You didn't know any spells.

Dungeon Overview and Level Annotations

Branches:
Dungeon (4/15)             Temple (1/1) D:4

Altars:
Ashenzari
Cheibriados
Dithmenos
Fedhas
Gozag
Hepliaklqana
Makhleb
Nemelex Xobeh
Uskayaw
Xom
Yredelemnul

Annotations:
D:4 Grinder


Innate Abilities, Weirdness & Mutations

You have extremely sharp teeth.
Your natural rate of healing is unusually fast.
When hurt, damage is shared between your health and your magic reserves.
Your bite disrupts and absorbs the magic of your enemies.
Potions cannot restore your health.
You are immune to rotting.


Message History

The ogre barely misses you.
You hit the ogre. You bite the ogre, but do no damage.
The ogre is heavily wounded.
The ogre barely misses you.
You punch the ogre! You bite the ogre, but do no damage.
The ogre is almost dead.
The ogre hits you with a giant club!!
* * * LOW HITPOINT WARNING * * *
The ogre misses you. The ogre hits you with a giant club. The ogre misses you.
The ogre hits you with a giant club!
* * * LOW HITPOINT WARNING * * *
The ogre hits you with a giant club.
* * * LOW HITPOINT WARNING * * *
The ogre closely misses you. The ogre completely misses you.
Okay, then.
The ogre hits you with a giant club!!
You die...

#.#.# #.#...###...##.#.#..#
#.#.###.#...###...##......# #
#.................##......#
........##.####...........#
###.#............###.....##
.).###+###.####.## ##....#
##.#.....#.# #.# ##.#.#
#.#.###.#.####.######.#.#
#.+.#>'.'...(..@O.....#.########
#.#.###.###############.........
##.#.....# ########.. ...###'###
##...# #### #.#.# #....# # #...#
#....# # ###.# ##..## # #.#
♣....♣ # #.## ♣♣...♣


You could see an ogre.

Vanquished Creatures
  An ogre (D:4)
  A howler monkey (D:4)
  An orc priest (D:3)
  A bullfrog skeleton (D:3)
  Crazy Yiuf (D:4)
  3 orc wizards
  A hound zombie (D:4)
  4 gnolls (D:4)
  3 adders
  3 oozes
  A worm (D:3)
  3 dart slugs
  A leopard gecko (D:2)
  9 orcs
  4 bats
  3 giant cockroaches
  5 hobgoblins
  3 jackals (D:3)
  7 kobolds
  A ball python (D:2)
  4 frilled lizards
  11 goblins
  7 rats
78 creatures vanquished.

Notes
Turn   | Place    | Note
-------+----------+-------------------------------------------
     0 | D:1      | erloom the Vine Stalker Monk began the quest for the Orb.
     0 | D:1      | Reached XP level 1. HP: 11/11 MP: 2/2
   120 | D:1      | Reached XP level 2. HP: 13/16 MP: 3/3
   174 | D:1      | Reached skill level 4 in Unarmed Combat
   425 | D:1      | Reached XP level 3. HP: 16/19 MP: 2/4
   893 | D:2      | Gained mutation: Your natural rate of healing is unusually fast. [Vine Stalker growth]
   893 | D:2      | Reached XP level 4. HP: 19/23 MP: 5/5
  1146 | D:2      | Found a hazy altar of Hepliaklqana.
  1149 | D:2      | Found a hide-covered altar of Uskayaw.
  1149 | D:2      | Found a shadowy altar of Dithmenos.
  1149 | D:2      | Found a shimmering altar of Xom.
  1169 | D:2      | Found a sparkling altar of Nemelex Xobeh.
  1169 | D:2      | Found a shattered altar of Ashenzari.
  1324 | D:3      | Reached skill level 5 in Unarmed Combat
  1351 | D:3      | Reached XP level 5. HP: 15/27 MP: 6/6
  1360 | D:3      | Reached skill level 6 in Unarmed Combat
  1958 | D:4      | Reached XP level 6. HP: 32/32 MP: 7/7
  2138 | D:4      | Reached skill level 7 in Unarmed Combat
  2163 | D:4      | Found a staircase to the Ecumenical Temple.
  2180 | Temple   | Entered the Ecumenical Temple
  2190 | Temple   | Became a worshipper of Cheibriados the Contemplative
  2190 | Temple   | Reached * piety under Cheibriados
  2190 | Temple   | Reached ** piety under Cheibriados
  2225 | D:4      | Reached XP level 7. HP: 26/35 MP: 5/8
  2327 | D:4      | Found a runed door.
  2343 | D:4      | Noticed Grinder
  2355 | D:4      | Noticed Crazy Yiuf
  2360 | D:4      | Killed Crazy Yiuf
  2412 | D:4      | Slain by an ogre

Vault maps used:
D:1:      erik_arrival_blinker_ship
D:2:      minmay_overflow_temple_hex, serial_glass, glass_columns_a,
          glass_columns_c
D:3:      first_ration, minmay_misc_feat_diagonals
D:4:      minmay_temple_entry_glassed_door, uniq_menkaure,
          uniq_crazy_yiuf_cottage, uniq_grinder, uniq_ijyb
Temple:   nicolae_temple_god_jail

Skill      XL: |  1  2  3  4  5  6 |
---------------+-------------------+-----
Unarmed Combat | 4 5 6 7 |  7.8
Fighting       | |  2.6
Dodging        | |  2.4
Stealth        | |  2.4

Action                   |  1- 3 |  4- 6 |  7- 9 || total
-------------------------+-------+-------+-------++-------
Melee: Unarmed           |    77 |   140 |    11 ||   228
       Bite              |    23 |    42 |     7 ||    72
       Punch             |       |     4 |       ||     4
  Eat: Chunk             |       |     4 |     1 ||     5
Armor: Scale mail        |    18 |    47 |     1 ||    66
Dodge: Dodged            |    32 |    61 |     9 ||   102

Table legend:
 A = Spawn XP
 B = Non-spawn XP
 C = Spawn XP percentage of total XP
 D = Spawn monster count
 E = Non-spawn monster count
 F = Spawn count percentage of total count
 G = Total turns spent on level
                    A         B        C        D         E        F      G
               +---------+---------+-------+---------+---------+-------+---------
         Total |       0 |     675 |   0.0 |       0 |      78 |   0.0 |  2412
               +---------+---------+-------+---------+---------+-------+---------
           D:1 |       0 |      47 |   0.0 |       0 |      21 |   0.0 |   729
           D:2 |       0 |      54 |   0.0 |       0 |      18 |   0.0 |   560
           D:3 |       0 |     194 |   0.0 |       0 |      27 |   0.0 |   731
           D:4 |       0 |     380 |   0.0 |       0 |      12 |   0.0 |   372
               +---------+---------+-------+---------+---------+-------+---------
